 Dungeon Crawl Stone Soup version 0.31-a0-931-g7b59d4eb97 (webtiles) character file.

Game seed: 16946020120419334813

5320 XLettuce the Geomancer (level 10, -5/90 HPs)
             Began as a Gargoyle Earth Elementalist on Oct 19, 2023.
             Was a Believer of Vehumet.
             Killed from afar by a gnoll (6 damage)
             ... with a bolt of acid
             ... on level 8 of the Dungeon.
             The game lasted 00:43:17 (9501 turns).

XLettuce the Geomancer (GrEE)                       Turns: 9501, Time: 00:43:18

Health: -5/90      AC: 25    Str: 12    XL:     10   Next: 64%
Magic:  8/21       EV:  2    Int: 23    God:    Vehumet [**....]
Gold:   424        SH:  0    Dex: 10    Spells: 7/24 levels left

rFire   . . .        F - +1 dagger "Ocit Ott" {pain, Int+3}
rCold   + . .        (no shield)
rNeg    + + .        q - melded +0 leather armour
rPois   ∞            R - melded +0 helmet
rElec   .            E - melded +1 cloak
rCorr   .            A - melded +0 pair of gloves
SInv    .            (boots currently unavailable)
Will    .....        W - amulet of the acrobat
Stlth   +++          h - ring of positive energy
HPRegen 0.35/turn    v - ring of protection from cold
MPRegen 0.17/turn

%: acrobat
@: tree-form
A: stationary, stasis, torment immunity, boosted hp, sickness immunity, AC +7,
negative energy resistance 1, (electricity resistance), torment resistance 1,
petrification resistance
a: Renounce Religion


You were on level 8 of the Dungeon.
You worshipped Vehumet.
Vehumet was pleased with you.
You were a tree.
You visited 2 branches of the dungeon, and saw 10 of its levels.

You collected 424 gold pieces.

Inventory:

Hand Weapons
 u - a +2 orcbow of draining
 D - a +4 quarterstaff of chaos
 F - the +1 dagger "Ocit Ott" (weapon) {pain, Int+3}
   (You found it on level 4 of the Dungeon)

   Int+3:     It affects your intelligence (+3).
 I - a +1 dagger of venom
 K - a +2 short sword of electrocution
 N - a +2 flail of holy wrath
 Q - the +5 woodcutter's axe
   (You took it off a gnoll sergeant on level 6 of the Dungeon)
Armour
 i - a +0 ring mail
 q - a +0 leather armour (melded)
 A - a +0 pair of gloves (melded)
 E - a +1 cloak (melded)
 R - a +0 helmet (melded)
Jewellery
 h - a ring of positive energy (left branch)
 v - a ring of protection from cold (right branch)
 W - an amulet of the acrobat (around neck)
Wands
 c - a wand of polymorph (6)
 M - a wand of mindburst (21)
 P - a wand of paralysis (13)
Scrolls
 a - a scroll of immolation {unknown}
 j - a scroll of enchant weapon {unknown}
 k - a scroll of fear {unknown}
 l - 3 scrolls of teleportation
 r - a scroll of vulnerability {unknown}
 t - a scroll of enchant armour
 x - a scroll of noise {unknown}
 H - 2 scrolls of poison {unknown}
 J - a scroll of brand weapon {unknown}
 T - a scroll of butterflies {unknown}
Potions
 b - a potion of magic
 d - 4 potions of curing
 e - 5 potions of brilliance
 f - 3 potions of mutation
 n - 3 potions of lignification
 p - 2 potions of attraction
 w - 2 potions of degeneration {unknown}
 B - 2 potions of berserk rage {unknown}
 U - a potion of haste {unknown}
 V - 2 potions of invisibility {unknown}


   Skills:
 + Level 6.1 Fighting
 + Level 2.0 Armour
 - Level 2.0 Dodging
 - Level 5.0 Stealth
 * Level 7.6 Spellcasting
 * Level 4.1 Conjurations
 - Level 2.0 Hexes
 + Level 4.7 Summonings
 - Level 1.0 Transmutations
 - Level 2.0 Air Magic
 + Level 10.1 Earth Magic


You had 7 spell levels left.
You knew the following spells:

 Your Spells              Type           Power      Damage    Failure   Level
a - Sandblast             Erth           100%       2d20      1%          1
b - Stone Arrow           Conj/Erth      82%        3d12      1%          3
c - Call Imp              Summ           60%        N/A       1%          2
d - Summon Guardian Gole  Hex/Summ       24%        N/A       5%          3
e - Swiftness             Air            17%        N/A       10%         3
f - Mephitic Cloud        Conj/Pois/Air  18%        N/A       10%         3
g - Passwall              Tmut/Erth      28%        N/A       1%          2

Your spell library contained the following spells:

 Spells                   Type           Power      Damage    Failure   Level
 Static Discharge         Conj/Air       44%        2-4/arc   3%          2
 Magic Dart               Conj           100%       1d8       1%          1
 Summon Small Mammal      Summ           100%       N/A       1%          1
 Slow                     Hex            68%        N/A       3%          1
 Call Canine Familiar     Summ           30%        N/A       3%          3
 Brom's Barrelling Bould  Conj/Erth      41%        2d6       3%          4
 Wereblood                Tmut           13%        N/A       7%          2
 Petrify                  Tmut/Erth      34%        N/A       7%          4
 Necrotise                Necr           32%        1d5       8%          1
 Confusing Touch          Hex            17%        N/A       10%         3
 Sigil of Binding         Hex            17%        N/A       10%         3
 Vampiric Draining        Necr           8%         2d6       22%         3
 Irradiate                Conj/Tmut      10%        3d15      56%         5
 Agony                    Necr           8%         N/A       90%         5
 Haunt                    Necr/Summ      9%         N/A       100%        7
 Borgnjor's Revivificati  Necr           4%         N/A       100%        8
 Maxwell's Capacitive Co  Air            8%         ∞         100%        8
 Death's Door             Necr           4%         N/A       100%        9
 Sublimation of Blood     Necr           Unusable   N/A       N/A         2

Dungeon Overview and Level Annotations

Branches:
Dungeon (9/15)             Temple (1/1) D:5
   Lair: D:8-11         Orc: D:9-12

Altars:
Ashenzari
Dithmenos
Elyvilon
Fedhas
Gozag
Hepliaklqana
Kikubaaqudgha
Makhleb
Nemelex Xobeh
Okawaru
Qazlal
Ru
Sif Muna
Trog
Uskayaw
Vehumet
Wu Jian
Yredelemnul
Zin
The Shining One

Shops:
D:3 =

Annotations:
D:8 1 transporter, Forgeling's ghost, novice AtFi; Grum
D:9 1 runed translucent door, Getoffmy's ghost, novice OpEE


Innate Abilities, Weirdness & Mutations

You are a tree.
Your roots penetrate the ground, keeping you stationary.
You cannot be teleported.
You are immune to unholy pain and torment.
Your maximum health is greatly increased.
Your equipment is partially melded.
You are immune to sickness and miasma.
((Your stone body is resilient. (AC +7)))
You are immune to poison.
You resist negative energy. (rN+)
((You are resistant to electric shocks. (rElec)))
You are resistant to unholy torment.
You are immune to petrification.


Message History

You are electrocuted!
* * * LOW HITPOINT WARNING * * *
The gnoll misses your cerulean imp.
The gnoll sergeant hits you but does no damage.
Your cerulean imp closely misses the gnoll.
The gnoll barely misses you. The gnoll completely misses you.
The gnoll hits you with a +0 whip.
* * * LOW HITPOINT WARNING * * *
Your Armour skill increases to level 2!
Casting: Stone Arrow (safe; 1% risk of failure)
Confirm with . or Enter, or press ? or * to list all spells.
Aiming: Stone Arrow (safe; 1% risk of failure)
Press: ? - help, Shift-Dir - straight line, f - gnoll sergeant
Aim: a gnoll sergeant, wielding a +4 spear of electrocution, wearing the +4 scale mail "Eluostus" {*Corrode rElec Regen+ Int+9} and wearing a +1 buckler (covering ground quickly, 82% to hit)
The stone arrow hits the gnoll sergeant!!
The gnoll sergeant is almost dead.
The gnoll hits you from afar with a +1 halberd of electrocution.
* * * LOW HITPOINT WARNING * * *
The gnoll barely misses your cerulean imp.
The gnoll hits your cerulean imp with a +0 flail!
Your cerulean imp dies!
Your cerulean imp disappears in a puff of smoke!
The gnoll sergeant barely misses you.
The gnoll hits you but does no damage. x3
Casting: Stone Arrow (safe; 1% risk of failure)
Confirm with . or Enter, or press ? or * to list all spells.
Aiming: Stone Arrow (safe; 1% risk of failure)
Press: ? - help, Shift-Dir - straight line, f/p - gnoll sergeant
Aim: a gnoll sergeant, wielding a +4 spear of electrocution, wearing the +4 scale mail "Eluostus" {*Corrode rElec Regen+ Int+9} and wearing a +1 buckler (almost dead, covering ground quickly, 82% to hit)
The stone arrow misses the gnoll sergeant.
The gnoll hits you but does no damage.
The gnoll bouda barks out a call to the hunt!
The gnoll picks up the pace!
The gnoll sergeant hits you but does no damage.
You are electrocuted!
* * * LOW HITPOINT WARNING * * *
The gnoll hits you from afar with a +0 halberd of pain.
* * * LOW HITPOINT WARNING * * *
The gnoll hits you but does no damage.
The gnoll zaps a wand.
The bolt of acid hits you.
You die...

#.≈≈####.....####≈≈..#
#.≈≈#..#8###8#..#≈≈..#
#.≈≈#8.###.###.8#≈≈..#
#.≈≈#...........#≈≈..#
#.≈≈###.##'##.###≈≈..#
#.≈≈..#.#...#.#..≈≈..#
#.≈≈.##.9...g.##.≈≈..#
#.≈≈.#..#g..#.©#.≈≈..####
#.≈≈.##.##♣##g##.≈≈.....#
##.....#.#ggg#.#..≈≈.###.###
#.....©#.'hg.gg#©.~~..##.#..
#......#.#8⌠8#h#..≈≈........
#..≈≈.##.#####.##.≈≈........
#..≈≈.#..#g:.#..#.≈≈).......
#..≈≈.##.#...#g##.≈≈..#####.
#..≈≈..#.#...#.#..≈≈.## #..
#..≈≈###.##'##.###≈≈.#####.#


You could see a gnoll sergeant (swift), 2 wolves, a gnoll bouda, 6 gnolls and a
friendly guardian golem (summoned).

Vanquished Creatures
  The ghost of Nexanis the Magician, a novice SpCj of Sif Muna (D:6)
  Sigmund (D:5)
  5 yaks
  5 water moccasins
  A sky beast (D:8)
  An orc warrior (D:6)
  An ogre (D:6)
  2 centaurs
  3 kobold brigands (D:8)
  4 bullfrogs
  3 gnoll sergeants
  3 scorpions
  2 water moccasin zombies (D:4)
  4 wights (D:7)
  5 killer bees (D:8)
  An electric eel (D:9)
  6 howler monkeys
  4 orc priests
  3 jellies
  A spectral scorpion (D:4)
  Crazy Yiuf (D:3)
  2 gnoll boudas (D:6)
  A sleepcap (D:5)
  Jessica (D:2)
  Ijyb (D:5)
  3 iguanas
  Natasha (thrice) (D:4)
  3 orc wizards
  13 gnolls
  4 adders
  3 shadow imps
  2 adder skeletons (D:4)
  An adder zombie (D:4)
  A worm (D:2)
  3 dart slugs
  16 orcs
  5 ball pythons
  4 bats (D:1)
  6 endoplasms
  10 giant cockroaches
  7 goblins
  7 hobgoblins
  6 jackals
  A quokka (D:1)
  A frilled lizard (D:1)
  18 kobolds
  7 rats
186 creatures vanquished.

Vanquished Creatures (collateral kills)
  A yak (D:9)
  A centaur (D:9)
  A bullfrog (D:8)
  An orc wizard (D:3)
  2 orcs (D:3)
  4 kobolds (D:8)
10 creatures vanquished.

Vanquished Creatures (others)
  3 gnoll sergeants
  A wight (D:7)
  4 killer bees (D:8)
  2 gnolls (D:5)
10 creatures vanquished.

Grand Total: 206 creatures vanquished

Notes
Turn   | Place    | Note
-------+----------+-------------------------------------------
     0 | D:1      | XLettuce the Gargoyle Earth Elementalist began the quest
                  | for the Orb.
     0 | D:1      | Reached XP level 1. HP: 10/10 MP: 3/3
    97 | D:1      | Reached skill level 1 in Transmutations
    97 | D:1      | Reached XP level 2. HP: 15/15 MP: 3/5
   354 | D:1      | Reached skill level 4 in Earth Magic
   421 | D:1      | Reached XP level 3. HP: 19/19 MP: 4/6
   575 | D:1      | Found a faded altar of an unknown god.
   839 | D:2      | Noticed Jessica
   843 | D:2      | Killed Jessica
   844 | D:2      | Reached XP level 4. HP: 20/24 MP: 4/7
  1265 | D:2      | Learned a level 3 spell: Stone Arrow
  1268 | D:2      | Learned a level 2 spell: Call Imp
  1382 | D:2      | Reached skill level 1 in Fighting
  1566 | D:2      | Reached XP level 5. HP: 22/29 MP: 2/9
  2138 | D:3      | Reached skill level 5 in Earth Magic
  2407 | D:3      | Found an opulent altar of Gozag.
  2471 | D:3      | Found Pesum's Jewellery Boutique.
  2638 | D:3      | Found a runed translucent door.
  2639 | D:3      | Noticed Crazy Yiuf
  2713 | D:3      | Reached XP level 6. HP: 35/35 MP: 8/10
  2873 | D:3      | Killed Crazy Yiuf
  2874 | D:3      | Reached skill level 1 in Summonings
  2957 | D:4      | Noticed a water moccasin
  3033 | D:4      | Killed a water moccasin
  3233 | D:4      | Noticed Natasha
  3265 | D:4      | Killed Natasha
  3276 | D:4      | Reached skill level 6 in Earth Magic
  3276 | D:4      | Reached XP level 7. HP: 16/40 MP: 6/13
  3426 | D:4      | You fall into a shaft and drop 3 floors!
  3426 | D:5      | Identified the "Remoar"
  4054 | D:5      | Entered Level 5 of the Dungeon
  4127 | D:4      | Reached XP level 8. HP: 34/46 MP: 13/15
  4183 | D:4      | Found a glowing golden altar of the Shining One.
  4313 | D:4      | Found a blossoming altar of Fedhas.
  4567 | D:4      | Noticed Natasha
  4574 | D:4      | Killed Natasha
  4738 | D:4      | Identified the +1 dagger "Ocit Ott" {pain, Int+3}
  4859 | D:4      | Noticed Natasha
  4863 | D:4      | Killed Natasha
  4864 | D:4      | Reached skill level 7 in Earth Magic
  4937 | D:5      | Reached skill level 1 in Hexes
  4960 | D:5      | Learned a level 3 spell: Summon Guardian Golem
  4968 | D:5      | Found a staircase to the Ecumenical Temple.
  4977 | Temple   | Entered the Ecumenical Temple
  4993 | Temple   | Became a worshipper of Vehumet
  5059 | D:5      | Learned a level 3 spell: Swiftness
  5088 | D:5      | Reached skill level 5 in Spellcasting
  5108 | D:5      | Noticed Sigmund
  5113 | D:5      | Killed Sigmund
  5265 | D:5      | Learned a level 3 spell: Mephitic Cloud
  5651 | D:5      | Noticed Ijyb
  5662 | D:5      | Killed Ijyb
  6087 | D:6      | Found a hide-covered altar of Uskayaw.
  6094 | D:6      | Found an ancient bone altar of Kikubaaqudgha.
  6097 | D:6      | Found a stormy altar of Qazlal.
  6098 | D:6      | Found an iron altar of Okawaru.
  6142 | D:6      | Found a runed translucent door.
  6149 | D:6      | Reached XP level 9. HP: 46/52 MP: 9/17
  6206 | D:6      | Noticed Nexanis's ghost (novice SpCj)
  6292 | D:6      | Reached skill level 5 in Stealth
  6292 | D:6      | Reached skill level 1 in Air Magic
  6292 | D:6      | Reached skill level 8 in Earth Magic
  6518 | D:6      | Learned a level 2 spell: Passwall
  6543 | D:6      | Reached * piety under Vehumet
  6543 | D:6      | Offered knowledge of Kiss of Death by Vehumet.
  7349 | D:6      | Killed Nexanis's ghost
  7350 | D:6      | Reached skill level 5 in Fighting
  7352 | D:6      | Reached skill level 1 in Conjurations
  7352 | D:6      | Reached skill level 9 in Earth Magic
  7591 | D:7      | Found a sparkling altar of Nemelex Xobeh.
  8097 | D:8      | Reached XP level 10. HP: 59/59 MP: 15/20
  8282 | D:8      | Found a transporter.
  8289 | D:8      | Identified the +4 scale mail "Eluostus" {*Corrode rElec
                  | Regen+ Int+9}
  8339 | D:8      | Reached ** piety under Vehumet
  8438 | D:8      | Offered knowledge of Static Discharge by Vehumet.
  8525 | D:8      | Reached skill level 1 in Armour
  8595 | D:8      | Identified the ring of Curiosity {Str+5 Int+3 SInv}
  8631 | D:8      | Noticed Grum
  8633 | D:8      | Found a transporter.
  8647 | D:8      | Noticed Forgeling's ghost (novice AtFi)
  8830 | D:9      | Identified the +3 spear "Ofeqel" {freeze, rElec rN+ Str+2
                  | Int-2}
  8831 | D:9      | Found a runed translucent door.
  8831 | D:9      | Noticed Getoffmy's ghost (novice OpEE)
  8991 | D:9      | Reached skill level 10 in Earth Magic
  9135 | D:9      | Found a glowing silver altar of Zin.
  9135 | D:9      | Found a shimmering blue altar of Sif Muna.
  9501 | D:8      | HP: 1/90 [gnoll/+0 halberd of pain (4)]
  9501 | D:8      | Killed from afar by a gnoll

Illustrated notes

Levels and vault maps discovered:
D:1:      spicycebolla_arrival_transporter_tutorial, layout_basic,
          shapermc_ecumenical_altar_pompeii, kennysheep_flooded_box,
          minmay_small_reverse_x
D:2:      minmay_roachtagon, layout_basic, kennysheep_path_1, uniq_jessica
D:3:      layout_rooms, mainiacjoe_overflow_brackets, serial_curves,
          eino_curves_03, eino_curves_03, serial_shops, shop,
          minmay_misc_feat_ornament, uniq_crazy_yiuf_cottage
D:4:      layout_loops_ring, tso_metal_star, kennysheep_little_box,
          dilly_guarded_unrand_morg
D:5:      layout_gridville, minmay_temple_entry_stoned_glass, uniq_ijyb,
          uniq_sigmund
D:6:      layout_loops_ring, minitemple, ebering_ghost_sewer_d,
          minmay_misc_feat_plants, pf_guarded_unrand_woodcutter
D:7:      layout_basic, nemelex_xobeh_ov_fountains_minmay
D:8:      layout_rooms, gammafunk_ghost_gnarly_gnolls
D:9:      layout_roguey, nicolae_overflow_two_pavilions,
          ebering_ghost_funeral_grove
Temple:   eino_wide_crystal_templ

Skill      XL: |  1  2  3  4  5  6  7  8  9 10 |
---------------+-------------------------------+-----
Transmutations | 1 |  1.0
Earth Magic    | 4 5 6 7 9 10 | 10.1
Dodging        | 2 |  2.0
Fighting       | 1 2 3 4 5 6 |  6.1
Stealth        | 3 4 5 |  5.0
Spellcasting   | 3 4 5 6 7 |  7.6
Summonings     | 1 2 3 4 |  4.7
Hexes          | 1 2 |  2.0
Air Magic      | 2 |  2.0
Conjurations   | 2 4 |  4.1
Armour         | 2 |  2.0

Action                     |  1- 3 |  4- 6 |  7- 9 | 10-12 || total
---------------------------+-------+-------+-------+-------++-------
  Melee: Unarmed           |     7 |       |       |       ||     7
         Dagger            |    15 |       |    55 |    10 ||    80
         Short sword       |     9 |    17 |    13 |       ||    39
         Flail             |       |    52 |     5 |       ||    57
         Punch             |       |       |     2 |       ||     2
   Cast: Sandblast         |    31 |    68 |   129 |    62 ||   290
         Call Imp          |       |     5 |    17 |    10 ||    32
         Summon Guardian G |       |       |     9 |     2 ||    11
         Swiftness         |       |       |     1 |       ||     1
         Stone Arrow       |       |       |       |     3 ||     3
    Use: Scroll            |       |       |     8 |       ||     8
         Potion            |       |       |     1 |     2 ||     3
   Stab: Sleeping          |     2 |     1 |       |       ||     3
 Armour: Robe              |    20 |    24 |       |       ||    44
         Leather armour    |       |    45 |   127 |    55 ||   227
         Skin              |       |       |       |    22 ||    22
  Dodge: Dodged            |    37 |    88 |    64 |    50 ||   239

Table legend: (Time is in decaauts)
 A = Elapsed time spent in this place.
 B = Non-inter-level travel time spent in this place.
 C = Inter-level travel time spent in this place.
 D = Time resting spent in this place.
 E = Time spent auto-exploring this place.
 F = Levels seen in this place.
 G = Mean time per level.
                   A        B        C        D        E       F      G
               +--------+--------+--------+--------+--------+-----+--------+
         Total |   9668 |   9400 |    268 |   1250 |   5685 |  10 |  966.8 |
       Dungeon |   9635 |   9367 |    268 |   1250 |   5685 |   9 | 1070.6 |
        Temple |     32 |     32 |      0 |      0 |      0 |   1 |   32.0 |
               +--------+--------+--------+--------+--------+-----+--------+

Top non-repeatable levels by time:
     D:6: 1431 daAuts
     D:4: 1310 daAuts
     D:2: 1307 daAuts
     D:5: 1202 daAuts
     D:7: 1096 daAuts
     D:3: 972 daAuts
     D:8: 897 daAuts
     D:9: 729 daAuts
     D:1: 687 daAuts
  Temple: 32 daAuts
